[Event "2023 IBCA European Team Championship for the Blind and Visually Impaired"]
[Site "Genoa, Italy"]
[Date "2023.04.27"]
[Round "7"]
[White "Dukaczewski, Piotr"]
[Black "Zsiltzova-Lisenko, Lubov"]
[Result "0-1"]
[Time "15:00:00"]
[UTCTime "13:00:00"]
[UTCDate "2023.04.27"]
[Board "1.3"]
[WhiteTeam "Poland"]
[BlackTeam "Ukraine"]
[WhiteCountry "POL"]
[BlackCountry "UKR"]
[WhiteTitle "IM"]
[BlackTitle "WIM"]
[WhiteElo "2091"]
[BlackElo "2151"]
[TimeControl "5400+30"]
[Opening "English"]
[Variation "symmetrical variation"]
[ECO "A30"]
[PlyCount "120"]
[EventDate "2023.04.20"]
[EventType "team"]
[EventRounds "9"]
[EventCountry "ITA"]
[Annotator "Vrioni, Bersan"]

1. c4 c5 2. g3 g6 3. Bg2 Bg7 4. Nc3 Nc6 5. Nf3 Nf6 6. O-O O-O 7. d4 cxd4 8. Nxd4
Nxd4 9. Qxd4 d6 10. Qd3 Qa5 11. Bd2 Qh5 12. b3 Bh3 13. Rac1 Bf5 14. e4 Ng4 15.
h4 Ne5 16. Qe3 Be6 17. Nd5 Nc6 18. b4 b6 19. b5 Bxd5 20. cxd5 Nd4 21. Rc7 Bf6
22. Rb1 Rfc8 23. Rc6 Nxc6 24. bxc6 Qe5 25. Bh3 Rc7 26. Kg2 Re8 27. f4 Qd4 28.
Qxd4 Bxd4 29. Bb4 h5 30. Rd1 Bb2 31. e5 Rd8 32. Rd2 Ba1 33. Kf3 Kg7 34. Ke4 f5+
35. exf6+ Bxf6 36. Be6 a5 37. Ba3 b5 38. Bc1 Rb8 39. Kd3 a4 40. Kc2 b4 41. Rd3
Ba1 42. Bd2 Rb5 43. Rf3 Bf6 44. Re3 Ra7 45. Kb1 b3 46. a3 Rc5 47. Rd3 Rc2 48.
Bc8 Rb2+ 49. Kc1 Rc7 50. Ba6 Ra2 51. Rc3 Kf7 52. Bd3 Bxc3 53. Bxc3 Rg2 54. Ba5
Rc8 55. c7 e6 56. dxe6+ Kxe6 57. Kb1 Ra8 58. Bxg6 Rxg3 59. Be4 d5 60. f5+ Kd7 0-1

[Event "2023 IBCA European Team Championship for the Blind and Visually Impaired"]
[Site "Genoa, Italy"]
[Date "2023.04.27"]
[Round "7"]
[White "Yatsishin, Ivan"]
[Black "Wolanski, Michal"]
[Result "0-1"]
[Time "15:00:00"]
[UTCTime "13:00:00"]
[UTCDate "2023.04.27"]
[Board "1.4"]
[WhiteTeam "Ukraine"]
[BlackTeam "Poland"]
[WhiteCountry "UKR"]
[BlackCountry "POL"]
[WhiteTitle "-"]
[BlackTitle "-"]
[WhiteElo "2049"]
[BlackElo "1969"]
[TimeControl "5400+30"]
[Opening "Sicilian"]
[Variation "accelerated fianchetto, Maroczy bind, 5...Bg7"]
[ECO "B37"]
[PlyCount "66"]
[EventDate "2023.04.20"]
[EventType "team"]
[EventRounds "9"]
[EventCountry "ITA"]
[Annotator "Vrioni, Bersan"]

1. e4 c5 2. Nf3 Nc6 3. d4 cxd4 4. Nxd4 g6 5. c4 Bg7 6. Nc2 d6 7. Be2 Nf6 8. Nc3
O-O 9. O-O Be6 10. Bg5 a6 11. Qd2 Qa5 12. f3 Bxc4 13. Bxc4 Qc5+ 14. Kh1 Qxc4 15.
Rac1 Qe6 16. Rce1 Rac8 17. f4 Rfe8 18. f5 Qe5 19. Bf4 Qa5 20. Ne3 b5 21. a3 Nd7
22. Ned5 Nde5 23. f6 exf6 24. Bg3 Qd8 25. Bh4 Nd7 26. Nd1 Nce5 27. N1e3 Nc4 28.
Nxc4 Rxc4 29. Nb4 Nc5 30. Qd5 Rcxe4 31. Rxe4 Rxe4 32. Nxa6 Rxh4 33. Nxc5 Rh5 0-1

[Event "2023 IBCA European Team Championship for the Blind and Visually Impaired"]
[Site "Genoa, Italy"]
[Date "2023.04.27"]
[Round "7"]
[White "Nizam, Rasim"]
[Black "Ursic, Aleksander"]
[Result "1-0"]
[Time "15:00:00"]
[UTCTime "13:00:00"]
[UTCDate "2023.04.27"]
[Board "2.1"]
[WhiteTeam "Bulgaria"]
[BlackTeam "Slovenia"]
[WhiteCountry "BUL"]
[BlackCountry "SLO"]
[WhiteTitle "IM"]
[BlackTitle "-"]
[WhiteElo "2176"]
[BlackElo "1834"]
[TimeControl "5400+30"]
[Opening "Sicilian"]
[Variation "dragon, Yugoslav attack"]
[ECO "B75"]
[PlyCount "111"]
[EventDate "2023.04.20"]
[EventType "team"]
[EventRounds "9"]
[EventCountry "ITA"]
[Annotator "Vrioni, Bersan"]

1. e4 c5 2. Nf3 d6 3. d4 cxd4 4. Nxd4 Nf6 5. Nc3 g6 6. Be3 Bg7 7. f3 Nc6 8. Qd2
O-O 9. Bc4 Bd7 10. O-O-O Ne5 11. Bd3 Rc8 12. g4 Qa5 13. Kb1 Rfe8 14. g5 Nh5 15.
Rhf1 Nc4 16. Bxc4 Rxc4 17. Nb3 Qc7 18. Nd5 Qb8 19. Bd4 Be6 20. Ne3 Rc7 21. f4
Bxb3 22. axb3 e5 23. fxe5 dxe5 24. Bc3 Nf4 25. Ng4 Rc6 26. Rxf4 Rxc3 27. Rxf7
Rc7 28. Rxc7 Qxc7 29. Qd5+ Qf7 30. Qxf7+ Kxf7 31. Rd7+ Re7 32. Rd8 Re8 33. Rxe8
Kxe8 34. c4 Ke7 35. b4 Kd6 36. Kc2 b6 37. b5 Ke6 38. Kc3 Bf8 39. b4 Kd6 40. h4
Ke6 41. Kb3 Be7 42. Ne3 Bf8 43. Nd5 h6 44. gxh6 Bxh6 45. c5 Bd2 46. c6 Be1 47.
Nf6 Kd6 48. Ng4 Bxh4 49. Nxe5 Bd8 50. Ng4 Bh4 51. Ne5 Bd8 52. Nxg6 Ke6 53. Kc4
Bc7 54. Kd4 Bd6 55. e5 Bxb4 56. Nf4+ 1-0

[Event "2023 IBCA European Team Championship for the Blind and Visually Impaired"]
[Site "Genoa, Italy"]
[Date "2023.04.27"]
[Round "7"]
[White "Patev, Petko"]
[Black "Stimec, Marjan"]
[Result "1-0"]
[Time "15:00:00"]
[UTCTime "13:00:00"]
[UTCDate "2023.04.27"]
[Board "2.3"]
[WhiteTeam "Bulgaria"]
[BlackTeam "Slovenia"]
[WhiteCountry "BUL"]
[BlackCountry "SLO"]
[WhiteTitle "-"]
[BlackTitle "-"]
[WhiteElo "1796"]
[BlackElo "1771"]
[TimeControl "5400+30"]
[Opening "Vienna gambit"]
[ECO "C25"]
[PlyCount "27"]
[EventDate "2023.04.20"]
[EventType "team"]
[EventRounds "9"]
[EventCountry "ITA"]
[Annotator "Vrioni, Bersan"]

1. e4 e5 2. Nc3 Nc6 3. f4 g6 4. Nf3 Bg7 5. g3 a6 6. d3 Nge7 7. Bg2 d6 8. O-O O-O
9. h3 Nd4 10. Ne2 Nec6 11. c3 Nxe2+ 12. Qxe2 Qe7 13. g4 f5 14. Nh4 1-0

[Event "2023 IBCA European Team Championship for the Blind and Visually Impaired"]
[Site "Genoa, Italy"]
[Date "2023.04.27"]
[Round "7"]
[White "Muri, Emil"]
[Black "Stoykov, Stoyan"]
[Result "1-0"]
[Time "15:00:00"]
[UTCTime "13:00:00"]
[UTCDate "2023.04.27"]
[Board "2.4"]
[WhiteTeam "Slovenia"]
[BlackTeam "Bulgaria"]
[WhiteCountry "SLO"]
[BlackCountry "BUL"]
[WhiteTitle "-"]
[BlackTitle "-"]
[WhiteElo "1799"]
[BlackElo "1716"]
[TimeControl "5400+30"]
[Opening "Ruy Lopez"]
[Variation "Bird's defence"]
[ECO "C61"]
[PlyCount "87"]
[EventDate "2023.04.20"]
[EventType "team"]
[EventRounds "9"]
[EventCountry "ITA"]
[Annotator "Vrioni, Bersan"]

1. e4 e5 2. Nf3 Nc6 3. Bb5 Nd4 4. Nxd4 exd4 5. O-O c6 6. Ba4 Bc5 7. Bb3 d6 8. d3
Nf6 9. Bg5 h6 10. Bh4 O-O 11. Nd2 Be6 12. f4 Qd7 13. Bxf6 gxf6 14. Qh5 Kg7 15.
Rf3 Rh8 16. Qh4 Qd8 17. Rg3+ Kf8 18. Bxe6 fxe6 19. Rg6 Kf7 20. Rxh6 Rxh6 21.
Qxh6 Qh8 22. Qxh8 Rxh8 23. Nf3 e5 24. fxe5 dxe5 25. Rf1 Ke6 26. g3 b5 27. Kg2
Rc8 28. Nh4 Bf8 29. Nf5 c5 30. h4 c4 31. Rf2 cxd3 32. cxd3 Rc1 33. h5 Kf7 34.
Kf3 b4 35. Rh2 a5 36. h6 Kg8 37. h7+ Kh8 38. b3 Rd1 39. Kg4 Rxd3 40. Rh5 Rc3 41.
Nh4 Bh6 42. Rxh6 Rc8 43. Ng6+ Kg7 44. h8=Q+ 1-0

[Event "2023 IBCA European Team Championship for the Blind and Visually Impaired"]
[Site "Genoa, Italy"]
[Date "2023.04.27"]
[Round "7"]
[White "Casadei, Marco"]
[Black "Draghici Flutur, Gavril"]
[Result "1/2-1/2"]
[Time "15:00:00"]
[UTCTime "13:00:00"]
[UTCDate "2023.04.27"]
[Board "3.1"]
[WhiteTeam "Italy"]
[BlackTeam "Spain"]
[WhiteCountry "ITA"]
[BlackCountry "ESP"]
[WhiteTitle "-"]
[BlackTitle "-"]
[WhiteElo "1982"]
[BlackElo "1989"]
[TimeControl "5400+30"]
[Opening "Sicilian"]
[ECO "B50"]
[PlyCount "106"]
[EventDate "2023.04.20"]
[EventType "team"]
[EventRounds "9"]
[EventCountry "ITA"]
[Annotator "Vrioni, Bersan"]

1. e4 c5 2. Nf3 d6 3. d4 Nf6 4. Nc3 cxd4 5. Nxd4 Nc6 6. Bc4 e6 7. Be3 Be7 8. Qe2
O-O 9. O-O-O a6 10. Bb3 Qc7 11. Rhg1 b5 12. g4 b4 13. Nxc6 Qxc6 14. Nd5 Nxd5 15.
exd5 Qb7 16. dxe6 fxe6 17. Bd4 Bg5+ 18. Kb1 Qf7 19. Rge1 Re8 20. Be3 Be7 21. f4
a5 22. Bc1 Bh4 23. Rg1 Ba6 24. Qd2 Bb5 25. f5 Ra6 26. Bxe6 Rxe6 27. fxe6 Qxe6
28. Qd5 Qxd5 29. Rxd5 Bc4 30. Rf5 Be6 31. Rf4 Bf6 32. h3 Be5 33. Rff1 a4 34. Bf4
Bc4 35. Bxe5 Bxf1 36. Bxd6 Bxh3 37. Bxb4 Rg6 38. g5 h6 39. Bd2 hxg5 40. Rxg5 Rf6
41. b3 axb3 42. axb3 g6 43. c4 Rf1+ 44. Kb2 Bf5 45. Kc3 Rf3+ 46. Kb4 Kf7 47. Rg1
Ke6 48. Bc3 Kd7 49. Rd1+ Kc6 50. c5 Rf4+ 51. Rd4 Rxd4+ 52. Bxd4 Bd3 53. Ka5 Bf1
1/2-1/2

[Event "2023 IBCA European Team Championship for the Blind and Visually Impaired"]
[Site "Genoa, Italy"]
[Date "2023.04.27"]
[Round "7"]
[White "Vela Ignacio, Jose Manuel"]
[Black "Vrioni, Bersan"]
[Result "1/2-1/2"]
[Time "15:00:00"]
[UTCTime "13:00:00"]
[UTCDate "2023.04.27"]
[Board "3.2"]
[WhiteTeam "Spain"]
[BlackTeam "Italy"]
[WhiteCountry "ESP"]
[BlackCountry "ITA"]
[WhiteTitle "-"]
[BlackTitle "-"]
[WhiteElo "1974"]
[BlackElo "1910"]
[TimeControl "5400+30"]
[Opening "QGD"]
[Variation "Charousek (Petrosian) variation"]
[ECO "D31"]
[PlyCount "37"]
[EventDate "2023.04.20"]
[EventType "team"]
[EventRounds "9"]
[EventCountry "ITA"]
[Annotator "Vrioni, Bersan"]

1. d4 d5 2. c4 e6 3. Nc3 Be7 4. Nf3 Nf6 5. cxd5 exd5 6. Bg5 O-O 7. e3 c6 8.
Bd3 Nbd7 9. O-O Re8 10. Qc2 Nf8 11. Rab1 a5 12. a3 Be6 13. b4 axb4 14. axb4
N6d7 15. Bxe7 Qxe7 16. b5 c5 17. Rfc1 Rec8 18. Qe2 c4 19. Bc2 1/2-1/2

[Event "2023 IBCA European Team Championship for the Blind and Visually Impaired"]
[Site "Genoa, Italy"]
[Date "2023.04.27"]
[Round "7"]
[White "Badano, Giancarlo"]
[Black "Olivera Gutierrez, Albert"]
[Result "1/2-1/2"]
[Time "15:00:00"]
[UTCTime "13:00:00"]
[UTCDate "2023.04.27"]
[Board "3.3"]
[WhiteTeam "Italy"]
[BlackTeam "Spain"]
[WhiteCountry "ITA"]
[BlackCountry "ESP"]
[WhiteTitle "-"]
[BlackTitle "-"]
[WhiteElo "1742"]
[BlackElo "1965"]
[TimeControl "5400+30"]
[Opening "Sicilian"]
[Variation "Flohr variation"]
[ECO "B32"]
[PlyCount "105"]
[EventDate "2023.04.20"]
[EventType "team"]
[EventRounds "9"]
[EventCountry "ITA"]
[Annotator "Vrioni, Bersan"]

1. e4 c5 2. Nf3 Nc6 3. d4 cxd4 4. Nxd4 Qc7 5. Be3 e6 6. Be2 Nf6 7. Nd2 d5 8. Bf3
Ne5 9. O-O a6 10. exd5 Nxf3+ 11. N2xf3 Nxd5 12. Bd2 Be7 13. Re1 O-O 14. c3 Rd8
15. Qe2 b5 16. Rad1 Bb7 17. Qe5 Bd6 18. Qh5 Nf6 19. Qh3 Bf4 20. Bxf4 Qxf4 21.
Qg3 Qxg3 22. hxg3 Rac8 23. a3 Bd5 24. Ne5 Rd6 25. f3 Rcd8 26. Rd2 Bb7 27. Rde2
h6 28. Kf2 Nd5 29. Nd3 Rc8 30. Ne5 Nb6 31. Nd3 a5 32. Re5 Ba6 33. Rc5 Rcd8 34.
Ne5 f6 35. Nec6 Re8 36. Nxa5 Na4 37. Rc6 Rxc6 38. Ndxc6 Nxb2 39. Rb1 Na4 40. Rc1
Kf7 41. Nb4 Bc8 42. c4 bxc4 43. Rxc4 e5 44. Rc7+ Kg6 45. Nac6 Be6 46. Ne7+ Kh7
47. Ra7 Nc3 48. Nbc6 Nd5 49. a4 Nc3 50. a5 Nb5 51. Rb7 Nd6 52. Ra7 Nb5 53. Rb7
1/2-1/2

[Event "2023 IBCA European Team Championship for the Blind and Visually Impaired"]
[Site "Genoa, Italy"]
[Date "2023.04.27"]
[Round "7"]
[White "Clemente Llamero, Roberto"]
[Black "Pezzolato, Erica"]
[Result "1-0"]
[Time "15:00:00"]
[UTCTime "13:00:00"]
[UTCDate "2023.04.27"]
[Board "3.4"]
[WhiteTeam "Spain"]
[BlackTeam "Italy"]
[WhiteCountry "ESP"]
[BlackCountry "ITA"]
[WhiteTitle "-"]
[BlackTitle "-"]
[WhiteElo "1960"]
[BlackElo "1453"]
[TimeControl "5400+30"]
[Opening "Pirc"]
[Variation "classical, h3 system"]
[ECO "B08"]
[PlyCount "39"]
[EventDate "2023.04.20"]
[EventType "team"]
[EventRounds "9"]
[EventCountry "ITA"]
[Annotator "Vrioni, Bersan"]

1. e4 d6 2. d4 Nf6 3. Nc3 g6 4. Nf3 Bg7 5. h3 O-O 6. Be3 e5 7. dxe5 dxe5 8. Qxd8
Rxd8 9. Bc4 Nbd7 10. O-O-O Re8 11. Nb5 Nb6 12. Bxb6 axb6 13. Nxc7 Be6 14. Bxe6
fxe6 15. Nxe8 Nxe8 16. Kb1 Nf6 17. Rhe1 Ra4 18. Rd8+ Bf8 19. Nxe5 Nxe4 20. b3 1-0

[Event "2023 IBCA European Team Championship for the Blind and Visually Impaired"]
[Site "Genoa, Italy"]
[Date "2023.04.27"]
[Round "7"]
[White "Jandric, Damjan"]
[Black "Schellmann, Frank"]
[Result "1-0"]
[Time "15:00:00"]
[UTCTime "13:00:00"]
[UTCDate "2023.04.27"]
[Board "4.2"]
[WhiteTeam "Serbia"]
[BlackTeam "Germany"]
[WhiteCountry "SRB"]
[BlackCountry "GER"]
[WhiteTitle "CM"]
[BlackTitle "CM"]
[WhiteElo "2110"]
[BlackElo "1936"]
[TimeControl "5400+30"]
[Opening "Ruy Lopez"]
[Variation "closed"]
[ECO "C88"]
[PlyCount "77"]
[EventDate "2023.04.20"]
[EventType "team"]
[EventRounds "9"]
[EventCountry "ITA"]
[Annotator "Vrioni, Bersan"]

1. e4 e5 2. Nf3 Nc6 3. Bb5 a6 4. Ba4 Nf6 5. O-O Be7 6. Re1 b5 7. Bb3 d6 8. c3
O-O 9. h3 Bb7 10. d4 Re8 11. Nbd2 Bf8 12. a3 h6 13. Bc2 Nb8 14. b3 Nbd7 15. Bb2
g6 16. a4 Bg7 17. Bd3 c6 18. Qc2 Nh5 19. Bf1 Qb6 20. b4 d5 21. dxe5 Nxe5 22.
Nxe5 Bxe5 23. exd5 cxd5 24. axb5 Bg3 25. Nb3 axb5 26. Rxa8 Rxa8 27. Nd4 Bf4 28.
Bxb5 Nf6 29. Bd3 Ne4 30. f3 Ng5 31. Qf2 Qc7 32. Re2 Qd6 33. Qe1 Kh7 34. Re8 Qf6
35. Qe7 Qxe7 36. Rxe7 Ra2 37. Re2 Be3+ 38. Rxe3 Rxb2 39. h4 1-0

[Event "2023 IBCA European Team Championship for the Blind and Visually Impaired"]
[Site "Genoa, Italy"]
[Date "2023.04.27"]
[Round "7"]
[White "Dobierzin, Olaf"]
[Black "Janjic, Stefan"]
[Result "1/2-1/2"]
[Time "15:00:00"]
[UTCTime "13:00:00"]
[UTCDate "2023.04.27"]
[Board "4.3"]
[WhiteTeam "Germany"]
[BlackTeam "Serbia"]
[WhiteCountry "GER"]
[BlackCountry "SRB"]
[WhiteTitle "-"]
[BlackTitle "-"]
[WhiteElo "1935"]
[BlackElo "2089"]
[TimeControl "5400+30"]
[Opening "French"]
[Variation "advance variation"]
[ECO "C02"]
[PlyCount "95"]
[EventDate "2023.04.20"]
[EventType "team"]
[EventRounds "9"]
[EventCountry "ITA"]
[Annotator "Vrioni, Bersan"]

1. e4 e6 2. d4 d5 3. e5 c5 4. c3 Qb6 5. Nf3 Nc6 6. a3 Nh6 7. b4 cxd4 8. Bxh6
gxh6 9. cxd4 Bd7 10. Ra2 Rg8 11. h3 h5 12. g3 h4 13. g4 Be7 14. Be2 Rc8 15. Rc2
a5 16. b5 Na7 17. Rxc8+ Nxc8 18. Qc2 Rg7 19. Bd3 Kd8 20. a4 Qc7 21. Ke2 Qxc2+
22. Bxc2 f6 23. Nbd2 Be8 24. Nb3 b6 25. Rg1 h6 26. Nbd2 Rg8 27. Nf1 fxe5 28.
Nxe5 Nd6 29. Ne3 Bg5 30. Ng2 Rg7 31. f4 Bf6 32. Nf3 Rc7 33. Kd1 Ne4 34. Re1 Rc3
35. Bxe4 dxe4 36. Nd2 Rxh3 37. Rxe4 Rg3 38. Rxe6 Rxg2 39. Rxf6 h3 40. Rxh6 h2
41. Kc2 Rxg4 42. Rxh2 Rxf4 43. Kc3 Rg4 44. Rh7 Rg3+ 45. Kb2 Rg2 46. Kc3 Rg3+ 47.
Kb2 Rg2 48. Kc3 1/2-1/2

[Event "2023 IBCA European Team Championship for the Blind and Visually Impaired"]
[Site "Genoa, Italy"]
[Date "2023.04.27"]
[Round "7"]
[White "Bjelanovic, Mile"]
[Black "Dyballa, Gerhard"]
[Result "1-0"]
[Time "15:00:00"]
[UTCTime "13:00:00"]
[UTCDate "2023.04.27"]
[Board "4.4"]
[WhiteTeam "Serbia"]
[BlackTeam "Germany"]
[WhiteCountry "SRB"]
[BlackCountry "GER"]
[WhiteTitle "-"]
[BlackTitle "-"]
[WhiteElo "2059"]
[BlackElo "1912"]
[TimeControl "5400+30"]
[Opening "French"]
[Variation "King's Indian attack"]
[ECO "C00"]
[PlyCount "111"]
[EventDate "2023.04.20"]
[EventType "team"]
[EventRounds "9"]
[EventCountry "ITA"]
[Annotator "Vrioni, Bersan"]

1. e4 e6 2. d3 d5 3. Qe2 Ne7 4. g3 c5 5. Bg2 Nbc6 6. Nf3 g6 7. O-O Bg7 8. c3 b6
9. Na3 Bb7 10. e5 a6 11. Nc2 h6 12. d4 cxd4 13. Ncxd4 Qc7 14. Re1 g5 15. h3 Ng6
16. Nxc6 Bxc6 17. Be3 Nxe5 18. Nxe5 Qxe5 19. Bxb6 Qxe2 20. Rxe2 O-O 21. Bd4 Rab8
22. Bxg7 Kxg7 23. c4 Rfd8 24. Rd1 Ba8 25. Red2 Rdc8 26. cxd5 Bxd5 27. Bxd5 exd5
28. b3 Rb5 29. Rxd5 Rxd5 30. Rxd5 Rc6 31. Kg2 Kf6 32. Kf3 Ke6 33. Ra5 Kd6 34.
Kg4 Kc7 35. Rf5 f6 36. Kh5 Rc2 37. Rxf6 Rxa2 38. Kxh6 Ra3 39. Rf3 Ra5 40. Kg6
Rb5 41. h4 gxh4 42. gxh4 Rb6+ 43. Kg5 Rb5+ 44. Kg4 Rb4+ 45. Kg3 Rb5 46. Rd3 Kc6
47. f4 Kc5 48. f5 Kb4 49. Kg4 Rc5 50. Rf3 Rc8 51. f6 Rf8 52. f7 Kc5 53. Kg5 Kd6
54. Kg6 Ke7 55. Re3+ Kd7 56. Kg7 1-0

[Event "2023 IBCA European Team Championship for the Blind and Visually Impaired"]
[Site "Genoa, Italy"]
[Date "2023.04.27"]
[Round "7"]
[White "Streltsov, Alexey"]
[Black "Cajzler, Hinko"]
[Result "1-0"]
[Time "15:00:00"]
[UTCTime "13:00:00"]
[UTCDate "2023.04.27"]
[Board "5.1"]
[WhiteTeam "Israel"]
[BlackTeam "Croatia"]
[WhiteCountry "ISR"]
[BlackCountry "CRO"]
[WhiteTitle "FM"]
[BlackTitle "-"]
[WhiteElo "2326"]
[BlackElo "2030"]
[TimeControl "5400+30"]
[Opening "Queen's pawn game"]
[ECO "A45"]
[PlyCount "145"]
[EventDate "2023.04.20"]
[EventType "team"]
[EventRounds "9"]
[EventCountry "ITA"]
[Annotator "Vrioni, Bersan"]

1. d4 Nf6 2. Nc3 d5 3. Bf4 c6 4. e3 g6 5. Nf3 Bg4 6. h3 Bxf3 7. Qxf3 Nbd7 8. Bd3
Bg7 9. g4 h6 10. O-O-O Qa5 11. Kb1 b5 12. e4 b4 13. Ne2 dxe4 14. Bxe4 Nxe4 15.
Qxe4 Qd5 16. Qe3 e6 17. b3 Nf6 18. Ng3 a5 19. Be5 Kf8 20. f4 a4 21. Qd2 Qb5 22.
Bd6+ Kg8 23. Qxb4 Nd5 24. Qxb5 cxb5 25. Ne2 axb3 26. axb3 Kh7 27. Kb2 Ra6 28.
Bc5 Rha8 29. Ra1 Rxa1 30. Rxa1 Rxa1 31. Kxa1 f5 32. gxf5 gxf5 33. Kb2 Kg6 34. c4
bxc4 35. bxc4 Nf6 36. Bb4 Kf7 37. Ng3 h5 38. Kc2 h4 39. Ne2 Ne4 40. Be1 Bf6 41.
Kd3 Bd8 42. Ng1 Kg6 43. Nf3 Kh5 44. d5 exd5 45. cxd5 Bc7 46. Ne5 Bb6 47. Kc4 Be3
48. Nd3 Bb6 49. Bb4 Kg6 50. Ne5+ Kg7 51. Nd3 Kf7 52. Be1 Bd8 53. Ne5+ Ke8 54.
Nf3 Ng3 55. Kd3 Kd7 56. Bb4 Ne4 57. Be1 Ng3 58. Bb4 Ne4 59. Ne5+ Kc8 60. Be1 Nf6
61. Kc4 Nh5 62. Bd2 Nf6 63. Nf7 Bb6 64. Nd6+ Kd7 65. Nxf5 Ne4 66. Be1 Bf2 67.
Bxf2 Nxf2 68. Nxh4 Nxh3 69. Ng6 Kd6 70. f5 Ng5 71. f6 Nf7 72. Kd4 Ng5 73. Ne5 1-0

[Event "2023 IBCA European Team Championship for the Blind and Visually Impaired"]
[Site "Genoa, Italy"]
[Date "2023.04.27"]
[Round "7"]
[White "Culjak, Miso"]
[Black "Radovilsky, Yan"]
[Result "0-1"]
[Time "15:00:00"]
[UTCTime "13:00:00"]
[UTCDate "2023.04.27"]
[Board "5.2"]
[WhiteTeam "Croatia"]
[BlackTeam "Israel"]
[WhiteCountry "CRO"]
[BlackCountry "ISR"]
[WhiteTitle "-"]
[BlackTitle "-"]
[WhiteElo "1705"]
[BlackElo "2014"]
[TimeControl "5400+30"]
[Opening "QGD"]
[Variation "semi-Slav"]
[ECO "D31"]
[PlyCount "61"]
[EventDate "2023.04.20"]
[EventType "team"]
[EventRounds "9"]
[EventCountry "ITA"]
[Annotator "Vrioni, Bersan"]

1. d4 d5 2. c4 e6 3. Nc3 c6 4. Nf3 Bd6 5. Qc2 f5 6. cxd5 exd5 7. h3 Nf6 8. Bd2
O-O 9. O-O-O Ne4 10. Be1 Qe7 11. Kb1 a5 12. Na4 Bd7 13. Nb6 Ra6 14. Nxd7 Nxd7
15. e3 b5 16. Nd2 a4 17. Bd3 Rb6 18. g4 Ra8 19. gxf5 Nxd2+ 20. Bxd2 b4 21. Qc1
c5 22. e4 cxd4 23. Bg5 Qe8 24. Rhg1 Kh8 25. f4 dxe4 26. Rde1 e3 27. f6 Nxf6 28.
Bxf6 gxf6 29. Bc4 Qe7 30. Rg4 f5 31. Rg2 0-1

[Event "2023 IBCA European Team Championship for the Blind and Visually Impaired"]
[Site "Genoa, Italy"]
[Date "2023.04.27"]
[Round "7"]
[White "Alon, Levi"]
[Black "Kljaic, Kresimir"]
[Result "0-1"]
[Time "15:00:00"]
[UTCTime "13:00:00"]
[UTCDate "2023.04.27"]
[Board "5.3"]
[WhiteTeam "Israel"]
[BlackTeam "Croatia"]
[WhiteCountry "ISR"]
[BlackCountry "CRO"]
[WhiteTitle "-"]
[BlackTitle "-"]
[WhiteElo "1668"]
[BlackElo "1520"]
[TimeControl "5400+30"]
[Opening "King's Indian"]
[Variation "East Indian defence"]
[ECO "A48"]
[PlyCount "70"]
[EventDate "2023.04.20"]
[EventType "team"]
[EventRounds "9"]
[EventCountry "ITA"]
[Annotator "Vrioni, Bersan"]

1. d4 Nf6 2. Nf3 g6 3. c4 Bg7 4. Nc3 O-O 5. e4 d6 6. h3 Nbd7 7. Be3 e5 8. d5 a5
9. g4 Re8 10. Be2 Nf8 11. Nh2 Bd7 12. g5 Nh5 13. Bxh5 gxh5 14. Qxh5 Ng6 15.
O-O-O Qc8 16. Ng4 Rf8 17. Nf6+ Bxf6 18. gxf6 Kh8 19. Rdg1 Qd8 20. Qg5 Rg8 21.
Ne2 b5 22. h4 bxc4 23. h5 Nf4 24. Qxg8+ Qxg8 25. Rxg8+ Rxg8 26. Bxf4 exf4 27.
Rg1 Bg4 28. Nxf4 Bf3 29. Re1 Rg4 30. Ne6 h6 31. Nxc7 Rf4 32. Ne8 Rxe4 33. Rg1
Rxe8 34. Rg3 Bxd5 35. Ra3 Ra8 0-1

[Event "2023 IBCA European Team Championship for the Blind and Visually Impaired"]
[Site "Genoa, Italy"]
[Date "2023.04.27"]
[Round "7"]
[White "Pribeanu, Mihail-Dacian"]
[Black "Asllani, Muhamet"]
[Result "1-0"]
[Time "15:00:00"]
[UTCTime "13:00:00"]
[UTCDate "2023.04.27"]
[Board "6.1"]
[WhiteTeam "Romania"]
[BlackTeam "Kosovo"]
[WhiteCountry "ROU"]
[BlackCountry "KOS"]
[WhiteTitle "FM"]
[BlackTitle "-"]
[WhiteElo "2130"]
[BlackElo "2238"]
[TimeControl "5400+30"]
[Opening "Reti"]
[Variation "King's Indian attack (Barcza system)"]
[ECO "A07"]
[PlyCount "73"]
[EventDate "2023.04.20"]
[EventType "team"]
[EventRounds "9"]
[EventCountry "ITA"]
[Annotator "Vrioni, Bersan"]

1. Nf3 d5 2. g3 Nf6 3. Bg2 Bf5 4. O-O c6 5. d3 e6 6. Nbd2 h6 7. b3 Be7 8. Bb2
O-O 9. c4 Nbd7 10. Rc1 a5 11. a3 Re8 12. Rc2 Qb6 13. Qa1 Bd6 14. Rfc1 e5 15.
cxd5 cxd5 16. e4 Bh7 17. exd5 Bxd3 18. Nc4 Qa6 19. Nxd6 Qxd6 20. Rd2 e4 21. Nd4
Ne5 22. a4 Qxd5 23. Nb5 Nf3+ 24. Bxf3 exf3 25. Bxf6 gxf6 26. Rcd1 Re2 27. Rxd3
Qh5 28. Nd4 Re4 29. Nxf3 Ra6 30. Re1 Rxe1+ 31. Qxe1 Re6 32. Qd2 Kg7 33. h4 Rc6
34. Kg2 b6 35. Qf4 Re6 36. Rd8 Qc5 37. Qg4+ 1-0

[Event "2023 IBCA European Team Championship for the Blind and Visually Impaired"]
[Site "Genoa, Italy"]
[Date "2023.04.27"]
[Round "7"]
[White "Gashi, Gani"]
[Black "Dima, Mihai"]
[Result "0-1"]
[Time "15:00:00"]
[UTCTime "13:00:00"]
[UTCDate "2023.04.27"]
[Board "6.2"]
[WhiteTeam "Kosovo"]
[BlackTeam "Romania"]
[WhiteCountry "KOS"]
[BlackCountry "ROU"]
[WhiteTitle "-"]
[BlackTitle "-"]
[WhiteElo "1741"]
[BlackElo "1944"]
[TimeControl "5400+30"]
[Opening "Sicilian defence"]
[ECO "B30"]
[PlyCount "98"]
[EventDate "2023.04.20"]
[EventType "team"]
[EventRounds "9"]
[EventCountry "ITA"]
[Annotator "Vrioni, Bersan"]

1. e4 c5 2. Nf3 Nc6 3. Bc4 g6 4. d3 Bg7 5. c3 e6 6. O-O Nge7 7. Be3 d6 8. h3 O-O
9. Qd2 a6 10. Nh2 d5 11. exd5 exd5 12. Bb3 d4 13. cxd4 Nxd4 14. Nc3 Bf5 15. Bh6
Nxb3 16. axb3 Qxd3 17. Qxd3 Bxd3 18. Bxg7 Kxg7 19. Rfe1 Nc6 20. Na4 c4 21. bxc4
Rae8 22. b3 Nd4 23. Nc5 Bf5 24. Nxb7 Nxb3 25. Rxe8 Rxe8 26. Nd6 Nxa1 27. Nxe8+
Kf8 28. Nd6 Be6 29. c5 Nb3 30. Ne4 Ke7 31. Nf3 Bd5 32. Nc3 Bxf3 33. gxf3 Nxc5
34. Kf1 Ke6 35. Ke2 Ke5 36. Ke3 g5 37. Ne2 Ne6 38. Ng3 f5 39. Ne2 a5 40. Nc3 Nf4
41. Na4 Nxh3 42. Nb6 f4+ 43. Kd2 Kd4 44. Ke2 Ng1+ 45. Kf1 Nxf3 46. Kg2 Ne5 47.
f3 Kc5 48. Na4+ Kb4 49. Nb2 a4 0-1